 Dungeon Crawl Stone Soup version 0.26.0-45-g9c1d065592 (webtiles) character file.

Game seed: 14150592251614064761

44 Hellfordprime the Grave Robber (level 3, 0/25 HPs)
             Began as a Human Necromancer on Jan 28, 2021.
             Succumbed to an adder's poison
             ... on level 2 of the Dungeon.
             The game lasted 00:11:26 (1928 turns).

Hellfordprime the Grave Robber (Human Necromancer)  Turns: 1928, Time: 00:11:27

Health: 0/25       AC:  9    Str:  5 (8)  XL:     3   Next: 87%
Magic:  6/6        EV:  9    Int: 15 (16) God:
Gold:   72         SH:  0    Dex: 10 (13) Spells: 4/6 levels left

rFire    . . .     SeeInvis .   d - +0 whip
rCold    . . .     Faith    .   (no shield)
rNeg     . . .     Spirit   .   j - +0 ring mail
rPois    .         Reflect  .   p - +1 helmet
rElec    .         Harm     .   (no cloak)
rCorr    .         Rampage  .   n - +0 pair of gloves
Will     .....                  q - +0 pair of boots
Stlth    +.........             (no amulet)
HPRegen  0.08/turn              (no ring)
MPRegen  0.10/turn              (no ring)

@: mighty, lethally poisoned (0 -> -1), berserk cooldown, flying, slowed, very
slow
A: no striking features
a: no special abilities


You were on level 2 of the Dungeon.
You visited 1 branch of the dungeon, and saw 2 of its levels.

You collected 72 gold pieces.

Inventory:

Hand Weapons
 d - a +0 whip (weapon)
 h - a +0 club
 k - a +0 hunting sling
 x - a +0 spear
Missiles
 b - 37 arrows
 g - 3 large rocks
Armour
 a - a +0 robe
 c - a +0 leather armour
 j - a +0 ring mail (worn)
 m - a +0 leather armour
 n - a +0 pair of gloves (worn)
 p - a +1 helmet (worn)
 q - a +0 pair of boots (worn)
 s - a +0 ring mail
 u - a +0 pair of gloves
Scrolls
 e - a scroll of random uselessness {unknown}
 l - 2 scrolls of identify {unknown}
 o - a scroll of enchant armour {unknown}
 v - a scroll of remove curse {unknown}
Potions
 f - a potion of flight


   Skills:
 + Level 0.5 Fighting
 + Level 1.3 Maces & Flails
 + Level 0.7 Armour
 + Level 2.0 Dodging
 + Level 2.0 Stealth
 + Level 2.4 Spellcasting
 + Level 4.4 Necromancy


You had 4 spell levels left.
You knew the following spells:

 Your Spells              Type           Power        Failure   Level
a - Pain                  Necr           60%          16%         1
b - Animate Skeleton      Necr           30%          16%         1

Your spell library contained the following spells:

 Spells                   Type           Power        Failure   Level
 Vampiric Draining        Necr           7%           43%         3
 Animate Dead             Necr           7%           85%         4
 Agony                    Necr           15%          99%         5


Dungeon Overview and Level Annotations

Branches:
Dungeon (2/15)

Altars:
Qazlal


Message History

You hit the adder.
The adder is almost dead.
You feel sick. The adder closely misses you.
You whack the adder!
You kill the adder!
Your Maces & Flails skill increases to level 1!
You are too berserk!
You see here an adder corpse.
You are too berserk!
You feel a strong urge to attack something.
You are no longer berserk.
You are exhausted.
You feel yourself slow down.
* * * LOW HITPOINT WARNING * * *
You feel sick.
* * * LOW HITPOINT WARNING * * *
You feel sick.
* * * LOW HITPOINT WARNING * * *
You feel sick.
You die...

####...# .......# .####..#
#####..# ...##..# ##.##..#
#.##..#########
#.##.>........##############
#.###.#######.)@..........(#
#.# #.# #.#######.####.# #.#
#.# #.# .^^ ##.###.# #.#
.≈..# .......# #.# ....#
##.##### #.# .^.#.. #.# #..
.^..^≈. #.# ### _...... #.#


There were no monsters in sight!

Vanquished Creatures
  An adder (D:2)
  A dart slug (D:1)
  3 leopard geckos (D:1)
  2 giant cockroaches
  7 goblins
  2 hobgoblins (D:1)
  2 jackals (D:1)
  3 bats
  3 frilled lizards
  A kobold (D:2)
  5 rats (D:1)
30 creatures vanquished.

Vanquished Creatures (collateral kills)
  A hobgoblin (D:2)
1 creature vanquished.

Grand Total: 31 creatures vanquished

Notes
Turn   | Place    | Note
-------+----------+-------------------------------------------
     0 | D:1      | Hellfordprime the Human Necromancer began the quest for the
                  | Orb.
     0 | D:1      | Reached XP level 1. HP: 13/13 MP: 3/3
   432 | D:1      | Reached XP level 2. HP: 17/19 MP: 5/5
   438 | D:1      | Learned a level 1 spell: Animate Skeleton
  1124 | D:1      | Reached XP level 3. HP: 24/24 MP: 6/6
  1882 | D:2      | Found a stormy altar of Qazlal.
  1918 | D:2      | Reached skill level 1 in Maces & Flails
  1923 | D:2      | HP: 1/25 [poisoned by an adder]
  1928 | D:2      | Succumbed to an adder's poison

Illustrated notes

Levels and vault maps discovered:
D:1:      dpeg_arrival_radiant, layout_basic, palyth_stone_intersect,
          minmay_tripent
D:2:      layout_loops_ring, grunt_qazlal_sundering, old_standard_altar

Skill      XL: |  1  2  3 |
---------------+----------+-----
Maces & Flails | 1 |  1.3
Fighting       | |  0.5
Armour         | |  0.7
Dodging        | |  2.0
Stealth        | |  2.0
Spellcasting   | |  2.4
Necromancy     | |  4.4

Action                   || total
-------------------------++-------
Melee: Whip              ||   120
       Unarmed           ||     3
Throw: Javelin           ||     2
 Cast: Pain              ||    12
       Animate Skeleton  ||    14
  Use: Potion            ||     5
Armor: Leather armour    ||    18
       Ring mail         ||    63
Dodge: Dodged            ||    95
